 Dungeon Crawl Stone Soup version 0.31-a0-981-geadf994542 (webtiles) character file.

Game seed: 14610328935708348915

72 sokol815 the Trooper (level 4, -2/33 HPs)
             Began as an Octopode Fighter on Nov 2, 2023.
             Slain by an adder (4 damage)
             ... on level 3 of the Dungeon.
             The game lasted 00:03:06 (1506 turns).

sokol815 the Trooper (Octopode Fighter)             Turns: 1506, Time: 00:03:07

Health: -2/33      AC:  1    Str: 17    XL:     4   Next: 25%
Magic:  4/4        EV: 13    Int: 16    God:
Gold:   93         SH:  4    Dex: 11    Spells: 3/3 levels left

rFire   . . .        a - +0 trident
rCold   . . .        b - +0 buckler
rNeg    . . .        (helmet restricted)
rPois   .            (no amulet)
rElec   .            I - +6 ring of intelligence
rCorr   .            (no ring)
SInv    .            (no ring)
Will    .....        (no ring)
Stlth   ++           (no ring)
HPRegen 0.25/turn    (no ring)
MPRegen 0.09/turn    (no ring)
                     (no ring)

%: no passive effects
@: mighty, brilliant, lethally poisoned (-2 -> -7)
A: almost no armour, amphibious, 8 rings, camouflage 1, gelatinous body 1,
(nimble swimmer 1), tentacles
a: no special abilities


You were on level 3 of the Dungeon.
You visited 1 branch of the dungeon, and saw 3 of its levels.

You collected 93 gold pieces.

Inventory:

Hand Weapons
 a - a +0 trident (weapon)
 j - a +4 sling
   (You found it on level 2 of the Dungeon)
Missiles
 s - 23 stones
Armour
 b - a +0 buckler (worn)
Jewellery
 I - a +6 ring of intelligence (left tentacle)
   (You found it on level 2 of the Dungeon)
Scrolls
 c - 3 scrolls of poison {unknown}
 f - a scroll of summoning {unknown}
 g - a scroll of vulnerability {unknown}
 k - a scroll of revelation {unknown}
 l - a scroll of identify {unknown}
 m - a scroll of teleportation {unknown}
 n - a scroll of fog {unknown}
Potions
 d - 2 potions of curing {unknown}
 e - a potion of heal wounds {unknown}
 i - a potion of degeneration {unknown}
 B - a potion of brilliance
 M - a potion of might


   Skills:
 + Level 4.1 Fighting
 + Level 3.3 Polearms
 - Level 3.0 Dodging
 - Level 3.0 Shields


You had 3 spell levels left.
You didn't know any spells.
Your spell library was empty.

Dungeon Overview and Level Annotations

Branches:
Dungeon (3/15) Zot: 16473

Altars:
Makhleb

Shops:
D:2 =

Annotations:
D:3 Ijyb


Innate Abilities, Weirdness & Mutations

You cannot wear most types of armour.
You are amphibious.
You can wear up to eight rings at the same time.
Your skin changes colour to match your surroundings (Stealth+).
Your rubbery body absorbs attacks. (AC +1, EV +1)
((You are camouflaged when in or above water. (Stealth+)))
You have tentacles for arms and can constrict up to eight enemies at once.


Message History

There is a faded altar of an unknown god here.
You now have 81 gold pieces (gained 16).
A hobgoblin comes into view.
The hobgoblin shouts!
A goblin comes into view. It is wielding a +0 club.
You reach to attack!
You puncture the hobgoblin!
You kill the hobgoblin!
The goblin shouts!
You puncture the goblin!
You kill the goblin!
No target in view!
Found a stone staircase leading down.
There is a stone staircase leading down here.
A worm comes into view.
You barely miss the worm. You grab the worm. You squeeze the worm.
You constrict the worm. You block the worm's attack.
You hit the worm. You constrict the worm. You hit the worm.
You squeeze the worm.
You kill the worm!
Found an escape hatch in the ceiling.
There is an escape hatch in the ceiling here.
Things that are here:
a +0 club; a goblin corpse
There is a faded altar of an unknown god here.
Partly explored, can't reach some places.
Partly explored, can't reach some places.
There is a faded altar of an unknown god here.
There is a stone staircase leading down here.
You climb downwards.
There is a stone staircase leading up here.
n - a scroll labelled SUB PUMNITOM You now have 93 gold pieces (gained 12).
A ball python comes into view.
You reach to attack!
The helpless ball python fails to defend itself.
You puncture the ball python!
You kill the ball python!
No target in view!
No target in view!
Found an escape hatch in the floor.
Found an escape hatch in the ceiling.
d - 2 fizzy green potions (gained 1)
You open the door.
There is an open door here.
Done exploring.
Done exploring.
There is a stone staircase leading up here.
You climb upwards.
There is a stone staircase leading down here.
There is a stone staircase leading up here.
There is a stone staircase leading down here.
You climb downwards.
There is a stone staircase leading up here.
Ijyb the Twisted Goblin comes into view.
She is wielding a +0 club and carrying a wand of flame.
You reach to attack!
You miss the adder.
The adder hisses angrily.
Ijyb shouts!
Ijyb screams, "It's all mine!"
The adder closely misses you.
You hear an angry hiss.
You miss the adder. Your grab misses the adder. The adder barely misses you.
You hit Ijyb. Your grab misses Ijyb. You block the adder's attack.
Ijyb zaps a wand.
The puff of flame hits you! You block the adder's attack.
You take 9 damage, and have 24/33 hp.
MASSIVE DAMAGE!!
You closely miss Ijyb. Your grab misses Ijyb. Ijyb hits you with a +0 club.
The adder misses you.
An adder comes into view.
Unknown command.
You closely miss the adder. Your grab misses the adder. The adder bites you.
Ijyb zaps a wand.
The puff of flame hits you! The adder barely misses you.
You take 13 damage, and have 11/33 hp.
MASSIVE DAMAGE!!
You feel very mighty all of a sudden. Ijyb closely misses you.
The adder bites you.
You take 1 damage, and have 10/33 hp.
You closely miss the adder. Your grab misses the adder.
Ijyb hits you with a +0 club.
* * * LOW HITPOINT WARNING * * *
The adder misses you.
You take 2 damage, and have 8/33 hp.
You barely miss the adder. Your grab misses the adder.
The adder closely misses you. Ijyb misses you. The adder closely misses you.
Ijyb barely misses you.
You closely miss the adder. You grab the adder. You constrict the adder.
You block the adder's attack. The adder bites you.
* * * LOW HITPOINT WARNING * * *
Ijyb hits you with a +0 club.
* * * LOW HITPOINT WARNING * * *
You take 6 damage, and have 3/33 hp.
It was a potion of brilliance.
You feel clever all of a sudden.
B - a potion of brilliance You constrict the adder.
The adder bites you.
* * * LOW HITPOINT WARNING * * *
You are lethally poisoned!
The adder poisons you! The adder completely misses you.
Ijyb closely misses you. The adder bites you.
You die...

.##.........#
.##.........#
............#
............#
....##################
..><# #.........#
....# #.........#
##### #...S.....####
#...S@.....<.#
#...g........#
#............#
...............#
............#...#
....####......#.# ....
#...####.# ... #...#
.. #...# ##


You could see Ijyb and 2 adders.

Vanquished Creatures
  An adder (D:2)
  2 worms (D:2)
  A dart slug (D:1)
  7 ball pythons
  4 endoplasms
  6 goblins
  3 hobgoblins
  8 jackals (D:2)
  7 kobolds
  2 quokkas (D:2)
  3 bats
  A frilled lizard (D:2)
  4 rats
49 creatures vanquished.

Notes
Turn   | Place    | Note
-------+----------+-------------------------------------------
     0 | D:1      | sokol815 the Octopode Fighter began the quest for the Orb.
     0 | D:1      | Reached XP level 1. HP: 16/16 MP: 1/1
    39 | D:1      | Reached XP level 2. HP: 6/21 MP: 2/2
   448 | D:1      | Reached XP level 3. HP: 26/26 MP: 3/3
   527 | D:2      | Found a burning altar of Makhleb.
   658 | D:2      | Found Ymasegh's One-of-a-Kind Rings.
   664 | D:2      | Reached skill level 3 in Polearms
   824 | D:2      | Reached skill level 4 in Fighting
   824 | D:2      | Reached XP level 4. HP: 31/33 MP: 4/4
   907 | D:2      | Found a faded altar of an unknown god.
  1493 | D:3      | Noticed Ijyb
  1503 | D:3      | HP: 8/33 [Ijyb/+0 club (2)]
  1505 | D:3      | HP: 3/33 [Ijyb/+0 club (3)]
  1506 | D:3      | Slain by an adder

Illustrated notes

Levels and vault maps discovered:
D:1:      dpeg_arrival_tiny_d, layout_rooms
D:2:      minmay_alternating_diamond, layout_loops_ring, basic_altar,
          shapermc_ecumenical_altar_gd, nicolae_shop_unique_rings,
          chequers_arboretum
D:3:      layout_basic, mainiacjoe_overflow_alcove_4, uniq_ijyb

Skill      XL: |  1  2  3 |
---------------+----------+-----
Polearms       | 3 |  3.3
Fighting       | 4 |  4.1
Dodging        | |  3.0
Shields        | |  3.0

Action                     |  1- 3 |  4- 6 || total
---------------------------+-------+-------++-------
  Melee: Trident           |    80 |    21 ||   101
         Constrict         |    16 |     2 ||    18
         Tentacles         |    11 |     2 ||    13
         Punch             |     1 |       ||     1
    Use: Potion            |       |     2 ||     2
   Stab: Sleeping          |     5 |     3 ||     8
 Armour: Skin              |    30 |    10 ||    40
  Dodge: Dodged            |    42 |    13 ||    55
  Block: Buckler           |     9 |     5 ||    14

Table legend: (Time is in decaauts)
 A = Elapsed time spent in this place.
 B = Non-inter-level travel time spent in this place.
 C = Inter-level travel time spent in this place.
 D = Time resting spent in this place.
 E = Time spent auto-exploring this place.
 F = Levels seen in this place.
 G = Mean time per level.
                   A        B        C        D        E       F      G
               +--------+--------+--------+--------+--------+-----+--------+
         Total |   1525 |   1414 |    111 |    114 |   1005 |   3 |  508.3 |
       Dungeon |   1525 |   1414 |    111 |    114 |   1005 |   3 |  508.3 |
               +--------+--------+--------+--------+--------+-----+--------+

Top non-repeatable levels by time:
     D:2: 911 daAuts
     D:1: 507 daAuts
     D:3: 106 daAuts

Levels and vault maps discovered:
D:1:      dpeg_arrival_tiny_d, layout_rooms
D:2:      minmay_alternating_diamond, layout_loops_ring, basic_altar,
          shapermc_ecumenical_altar_gd, nicolae_shop_unique_rings,
          chequers_arboretum
D:3:      layout_basic, mainiacjoe_overflow_alcove_4, uniq_ijyb

Table legend: (Time is in decaauts)
 A = Elapsed time spent in this place.
 B = Non-inter-level travel time spent in this place.
 C = Inter-level travel time spent in this place.
 D = Time resting spent in this place.
 E = Time spent auto-exploring this place.
 F = Levels seen in this place.
 G = Mean time per level.
                   A        B        C        D        E       F      G
               +--------+--------+--------+--------+--------+-----+--------+
         Total |   1525 |   1414 |    111 |    114 |   1005 |   3 |  508.3 |
       Dungeon |   1525 |   1414 |    111 |    114 |   1005 |   3 |  508.3 |
               +--------+--------+--------+--------+--------+-----+--------+

Top non-repeatable levels by time:
     D:2: 911 daAuts
     D:1: 507 daAuts
     D:3: 106 daAuts

Table legend:
 A = Kills in this place as a percentage of kills in the entire game.
 B = Kills by you in this place as a percentage of kills by you in the entire game.
 C = Kills by friends in this place as a percentage of kills by friends in the entire game.
 D = Other kills in this place as a percentage of other kills in the entire game.
 E = Experience gained in this place as a percentage of experience gained in the entire game.
 F = Experience gained in this place divided by the number of levels of this place that you have seen.
                   A       B       C       D       E      F
               +-------+-------+-------+-------+-------+----------------------
         Total | 100.0 | 100.0 |   N/A |   N/A | 100.0 |  34.3
       Dungeon | 100.0 | 100.0 |   N/A |   N/A | 100.0 |  34.3
               +-------+-------+-------+-------+-------+----------------------
